AoeStats
← Khudalzk

Nomad

507879596Analyzed
2v2 RM · 13d ago on Sep 20, 2026· 63m 42s· 4 players
Game mode
Random Map
Map size
176×176
Population
200
Speed
Normal
Resources
Standard
Victory
Conquest
Starting age
Dark Age
Ending age
Imperial Age
RankedLock teamsTeams togetherTeam positionsShared explorationLock speedFull tech treeHidden civsTurbo modeCheats
Victory
Defeat
🇨🇿 Poles · Czechia
794
+14
🇨🇿 Koreans · Czechia
767
+15
🇦🇷 Khmer · Argentina
764
-15
🇦🇷 Vikings · Argentina
748
-14
RenebyG
10:53 Loom
14:31 Feudal Age
15:06 Double-Bit Axe
15:41 Fishing Lines
16:12 Horse Collar
19:43 Town Watch
22:02 Castle Age
22:33 Gold Mining
23:35 Stone Mining
25:00 Wheelbarrow
24:46 Town Watch
25:15 Heavy Plow
26:41 Town Patrol
27:13 Husbandry
27:23 Bloodlines
28:24 Bow Saw
29:38 Fervor
30:20 Ballistics
35:31 Gold Shaft Mining
35:32 Stone Shaft Mining
36:30 Hand Cart
36:22 Tusk Swords
42:05 Fletching
42:21 Scale Barding Armor
42:31 Forging
45:32 Chain Barding Armor
45:08 Bodkin Arrow
46:05 Masonry
52:16 Imperial Age
54:22 Plate Barding Armor
54:50 Chemistry
53:56 Siege Engineers
53:45 Elite Ballista Elephant
55:49 Conscription
58:31 Double Crossbow
59:55 Elite Battle Elephant
Gamstrum
17:16 Feudal Age
15:33 Loom
17:59 Gold Mining
18:00 Stone Mining
19:38 Fishing Lines
19:51 Double-Bit Axe
28:02 Castle Age
28:44 Forging
28:35 Scale Mail Armor
28:25 Town Watch
29:00 Gillnets
29:34 Bow Saw
32:15 Pikeman
32:43 Gambesons
32:59 Squires
35:27 Chieftains
40:21 Gold Shaft Mining
49:11 Chain Mail Armor
49:31 Iron Casting
56:33 Imperial Age
58:32 Blast Furnace
58:02 Plate Mail Armor
58:02 Conscription
honza.pokorny25
12:33 Loom
17:19 Feudal Age
17:48 Fishing Lines
18:12 Horse Collar
18:24 Double-Bit Axe
19:47 Wheelbarrow
25:53 Scale Mail Armor
25:59 Scale Barding Armor
26:04 Forging
28:07 Castle Age
27:42 Bloodlines
29:58 Husbandry
29:19 Light Cavalry
30:51 Bow Saw
30:50 Gillnets
33:03 Szlachta Privileges
35:32 Pikeman
36:37 Heavy Plow
42:37 Chain Mail Armor
42:42 Chain Barding Armor
42:58 Iron Casting
49:00 Imperial Age
48:09 Hand Cart
49:04 Squires
50:43 Crop Rotation
50:10 Cavalier
55:52 Lechitic Legacy
56:00 Conscription
55:28 Winged Hussar
60:32 Man-at-Arms
60:46 Elite Obuch
61:06 Sappers
Khudalzk
15:44 Feudal Age
16:02 Loom
16:55 Horse Collar
17:56 Town Watch
18:09 Fishing Lines
18:45 Double-Bit Axe
24:58 Castle Age
23:35 Wheelbarrow
25:03 Fletching
26:20 Bow Saw
26:42 Stone Mining
26:54 Bodkin Arrow
27:19 Heavy Plow
31:20 Imperial Age
31:18 Eupseong
35:17 Two-Man Saw
39:54 Elite War Wagon
41:26 Town Patrol
42:30 Hand Cart
42:20 Bracer
50:19 Ballistics
51:55 Gold Mining
52:10 Caravan
61:15 Stone Shaft Mining
60:52 Murder Holes
60:51 Arrowslits
Connection lost

Rejoining the realm…

Still unreachable

The connection could not be restored.

Session expired

The server has moved on; the page needs a fresh start.